 Dungeon Crawl Stone Soup version 0.27.1-4-g1640c2035a (webtiles) character file.

Game seed: 1388481556051946302

56 Descartes the Shield-Bearer (level 4, -3/35 HPs)
             Began as a Formicid Fighter on Nov 17, 2021.
             Slain by a worm (8 damage)
             ... on level 2 of the Dungeon.
             The game lasted 00:01:51 (1509 turns).

Descartes the Shield-Bearer (Formicid Fighter)      Turns: 1509, Time: 00:01:51

Health: -3/35      AC:  6    Str: 21    XL:     4   Next: 15%
Magic:  7/7        EV:  8    Int: 14    God:
Gold:   42         SH: 10    Dex: 10    Spells: 7/7 levels left

rFire    . . .     SeeInvis +   a - +0 long sword
rCold    . . .     Faith    .   c - +0 kite shield
rNeg     . . .     Spirit   .   b - +0 scale mail
rPois    .         Reflect  .   (helmet unavailable)
rElec    .         Harm     .   (no cloak)
rCorr    .         Rampage  .   (no gloves)
Will     +....                  (no boots)
Stlth    ..........             (no amulet)
HPRegen  0.11/turn              h - ring of willpower
MPRegen  0.10/turn              m - +6 ring of intelligence

@: no status effects
A: permanent stasis, dig shafts and tunnels, antennae 3, four strong arms
a: Dig, Shaft Self


You were on level 2 of the Dungeon.
You visited 1 branch of the dungeon, and saw 2 of its levels.

You collected 42 gold pieces.

Inventory:

Hand Weapons
 a - a +0 long sword (weapon)
Armour
 b - a +0 scale mail (worn)
 c - a +0 kite shield (worn)
Jewellery
 h - a ring of willpower (left hand)
 m - a +6 ring of intelligence (right hand)
Scrolls
 e - a scroll of brand weapon {unknown}
 g - 2 scrolls of summoning {unknown}
 i - a scroll of identify {unknown}
 j - 2 scrolls of enchant armour {unknown}
 l - a scroll of acquirement {unknown}
Potions
 d - a potion of might
 f - a potion of brilliance {unknown}
 k - a potion of mutation {unknown}


   Skills:
 - Level 3.2 Fighting
 - Level 2.0 Long Blades
 - Level 3.2 Armour
 + Level 4.9 Shields
 + Level 2.1 Spellcasting


You had 7 spell levels left.
You didn't know any spells.
Your spell library was empty.

Dungeon Overview and Level Annotations

Branches:
Dungeon (2/15)

Altars:


Innate Abilities, Weirdness & Mutations

You cannot be hasted, slowed, berserked, paralysed or teleported.
You can dig through walls and to a lower floor.
You have a pair of large antennae on your head. (SInv)
Your four strong arms can wield two-handed weapons with a shield.


Message History

You are too injured to fight recklessly!
Unknown command.
You are too injured to fight recklessly!
Unknown command.
You are too injured to fight recklessly!
Unknown command.
You are too injured to fight recklessly!
Unknown command.
You are too injured to fight recklessly!
You barely miss the worm.
The worm is severely wounded.
The worm barely misses you. The worm closely misses you.
You slash the worm!
You kill the worm!
The worm closely misses you.
You hit the worm.
The worm is lightly wounded.
The worm bites you but does no damage.
You hit the worm.
The worm is moderately wounded.
You block the worm's attack.
You hit the worm.
The worm is moderately wounded.
You hit the worm.
The worm is heavily wounded.
You block the worm's attack.
You slash the worm!
The worm is almost dead.
The worm bites you.
You completely miss the worm.
The worm is severely wounded.
You block the worm's attack.
You barely miss the worm.
The worm is severely wounded.
The worm bites you!
* * * LOW HITPOINT WARNING * * *
You hit the worm.
The worm is almost dead.
The worm bites you!
You die...

.. .## ... #
###+##..###.#
#...........#
#.....#......
##.
..##....††......
#.. ........@w#
#.. .####....#
#.# ####....#
#.# #.......#
#.#####.......#
#.#...........#
##.#.###....#..#
#...<..#.......#
#......######..#


You could see a worm.

Vanquished Creatures
  2 adders (D:2)
  A worm (D:2)
  2 bats (D:1)
  4 endoplasms (D:1)
  4 giant cockroaches
  3 goblins (D:1)
  2 hobgoblins (D:1)
  4 jackals (D:1)
  4 ball pythons
  A frilled lizard (D:1)
  3 kobolds (D:1)
  3 rats (D:1)
33 creatures vanquished.

Notes
Turn   | Place    | Note
-------+----------+-------------------------------------------
     0 | D:1      | Descartes the Formicid Fighter began the quest for the Orb.
     0 | D:1      | Reached XP level 1. HP: 18/18 MP: 1/1
    92 | D:1      | Reached skill level 4 in Shields
    93 | D:1      | Reached XP level 2. HP: 21/24 MP: 2/2
   193 | D:1      | Reached skill level 1 in Spellcasting
   316 | D:1      | Reached XP level 3. HP: 16/29 MP: 4/4
  1489 | D:2      | Reached XP level 4. HP: 34/35 MP: 5/7
  1509 | D:2      | Slain by a worm

Illustrated notes

Levels and vault maps discovered:
D:1:      eino_arrival_water_star, layout_basic
D:2:      layout_basic, serial_forest, infiniplex_forest_zigzag_1,
          infiniplex_forest_end_2, infiniplex_forest_end_2,
          infiniplex_forest_lined_2, infiniplex_forest_lined_3_way

Skill      XL: |  1  2  3 |
---------------+----------+-----
Shields        | 4 |  4.9
Spellcasting   | 1 2 |  2.1
Fighting       | |  3.2
Long Blades    | |  2.0
Armour         | |  3.2

Action                   |  1- 3 |  4- 6 || total
-------------------------+-------+-------++-------
Melee: Long sword        |    88 |    21 ||   109
Armor: Scale mail        |    35 |     3 ||    38
Dodge: Dodged            |    32 |    10 ||    42
Block: Kite shield       |    56 |     5 ||    61
       Rpst.: Long sword |     6 |     1 ||     7
